[ AOE2 MATCH · #483915840 ]
UnrankedVietnamese vs Lithuanians
[ REPLAY ANALYSIS · EXTRACTED FROM THE RECORDED GAME ]
Feudal
11:46
Castle
18:23
Imperial
36:33
| APM avg | 40.1 |
| APM peak | 82 |
| eAPM avg | 23.5 |
| Villagers / military | 178 / 159 |
Focus
⚔️ 16.6% · 🌾 83.4%
Battle Elephant ×75 · Cavalry Archer ×54 · Rattan Archer ×23 · Scout Cavalry ×6 · Spearman ×1
Feudal
12:37
Castle
16:33
Imperial
36:56
| APM avg | 45.6 |
| APM peak | 82 |
| eAPM avg | 27.6 |
| Villagers / military | 222 / 182 |
Focus
⚔️ 42.3% · 🌾 57.7%
Leitis ×65 · Hand Cannoneer ×60 · Skirmisher ×19 · Spearman ×18 · Trade Cart ×18 · Monk ×10
Feudal
8:41
Castle
19:41
Imperial
35:29
| APM avg | 37.8 |
| APM peak | 72 |
| eAPM avg | 25.1 |
| Villagers / military | 185 / 175 |
Focus
⚔️ 39.0% · 🌾 61.0%
Spearman ×104 · Unknown (882) ×61 · Genoese Crossbowman ×38 · Scout Cavalry ×22 · Trebuchet (Packed) ×11 · Trade Cart ×7
Feudal
10:07
Castle
22:36
Imperial
39:11
| APM avg | 41.7 |
| APM peak | 73 |
| eAPM avg | 23.3 |
| Villagers / military | 167 / 382 |
Focus
⚔️ 31.0% · 🌾 69.0%
Tarkan ×199 · Skirmisher ×114 · Militia ×46 · Spearman ×14 · Scout Cavalry ×4 · Petard ×3
Feudal
10:24
Castle
16:16
Imperial
35:22
| APM avg | 32.4 |
| APM peak | 100 |
| eAPM avg | 16.5 |
| Villagers / military | 130 / 141 |
Focus
⚔️ 24.5% · 🌾 75.5%
Magyar Huszar ×116 · Knight ×12 · Trebuchet (Packed) ×6 · Scout Cavalry ×3 · Mangonel ×2 · Spearman ×2
Feudal
10:25
Castle
21:48
Imperial
39:23
| APM avg | 19.6 |
| APM peak | 42 |
| eAPM avg | 13.8 |
| Villagers / military | 127 / 137 |
Focus
⚔️ 17.9% · 🌾 82.1%
Spearman ×71 · Knight ×56 · Battering Ram ×6 · Trade Cart ×5 · Scout Cavalry ×4
Feudal
8:46
Castle
18:23
Imperial
32:12
| APM avg | 39.1 |
| APM peak | 80 |
| eAPM avg | 18.3 |
| Villagers / military | 151 / 180 |
Focus
⚔️ 30.6% · 🌾 69.4%
Knight ×173 · Trade Cart ×27 · Scout Cavalry ×4 · Trebuchet (Packed) ×2 · Spearman ×1
Feudal
13:40
Castle
17:58
Imperial
35:53
| APM avg | 22.3 |
| APM peak | 53 |
| eAPM avg | 15.0 |
| Villagers / military | 169 / 125 |
Focus
⚔️ 29.1% · 🌾 70.9%
Camel Scout ×103 · Ghulam ×8 · Trebuchet (Packed) ×8 · Spearman ×5 · Scout Cavalry ×1
Match map
Initial resources + every placement click. Lines = walls · curves = elevation contours. ◆ gold · ⬟ stone · ● berries · ✦ relic · ◌ wall gap
Your base· Open — unwalled flank
SicariusFeroxis's base· Open — unwalled flank
Muffie_cute's base· Open — 6t gap
Felix's base· Open — unwalled flank
Joe's base· Open — unwalled flank
Polos-Dev's base· ✓ Closed at 21:48 · 22t walls · no gate
Conqurues's base· Open — unwalled flank
Manvel_G's base· Open — unwalled flank
Smoothed initial terrain · ◌ = detected wall gap · hover for details
Inputs per minute
— chengyp8676 - - SicariusFeroxis
Build order — chengyp8676
First 150 of 481 actions detected
| 0:01 | Create | Villager (Male) |
| 0:01 | Create | Villager (Male) |
| 0:02 | Create | Villager (Male) |
| 0:03 | Build | House |
| 0:04 | Build | House |
| 0:12 | Research | Loom |
| 0:12 | Research | Loom |
| 0:12 | Create | Villager (Male) |
| 0:13 | Create | Villager (Male) |
| 0:13 | Create | Villager (Male) |
| 0:13 | Create | Villager (Male) |
| 1:34 | Build | Lumber Camp |
| 1:39 | Create | Villager (Male) |
| 1:39 | Create | Villager (Male) |
| 2:11 | Create | Villager (Male) |
| 2:12 | Create | Villager (Male) |
| 2:43 | Create | Villager (Male) |
| 2:44 | Create | Villager (Male) |
| 3:13 | Create | Villager (Male) |
| 3:13 | Create | Villager (Male) |
| 3:17 | Create | Villager (Male) |
| 3:17 | Create | Villager (Male) |
| 3:48 | Create | Villager (Male) |
| 3:49 | Create | Villager (Male) |
| 3:54 | Build | Mill |
| 4:19 | Create | Villager (Male) |
| 4:19 | Create | Villager (Male) |
| 4:37 | Build | House |
| 4:50 | Create | Villager (Male) |
| 4:51 | Create | Villager (Male) |
| 5:00 | Create | Villager (Male) |
| 5:00 | Create | Villager (Male) |
| 5:20 | Create | Villager (Male) |
| 5:20 | Create | Villager (Male) |
| 5:34 | Build | House |
| 5:37 | Create | Villager (Male) |
| 5:37 | Create | Villager (Male) |
| 5:42 | Build | House |
| 5:52 | Create | Villager (Male) |
| 5:52 | Create | Villager (Male) |
| 6:05 | Create | Villager (Male) |
| 6:05 | Create | Villager (Male) |
| 6:21 | Create | Villager (Male) |
| 6:22 | Create | Villager (Male) |
| 6:22 | Create | Villager (Male) |
| 7:06 | Create | Villager (Male) |
| 7:07 | Create | Villager (Male) |
| 7:07 | Create | Villager (Male) |
| 7:36 | Create | Villager (Male) |
| 7:36 | Create | Villager (Male) |
| 7:36 | Create | Villager (Male) |
| 7:40 | Create | Villager (Male) |
| 7:40 | Create | Villager (Male) |
| 9:15 | Research | Feudal Age |
| 9:15 | Research | Feudal Age |
| 10:02 | Build | House |
| 10:41 | Create | Villager (Male) |
| 10:42 | Create | Villager (Male) |
| 10:42 | Create | Villager (Male) |
| 11:15 | Build | Palisade Wall |
| 11:18 | Build | Palisade Gate |
| 11:21 | Create | Villager (Male) |
| 11:30 | Build | Barracks |
| 11:46 | Age | Feudal Age |
| 11:49 | Research | Double-Bit Axe |
| 11:49 | Research | Double-Bit Axe |
| 13:00 | Research | Horse Collar |
| 13:00 | Research | Horse Collar |
| 13:04 | Build | Mining Camp |
| 13:22 | Research | Wheelbarrow |
| 13:22 | Research | Wheelbarrow |
| 13:44 | Create | Villager (Male) |
| 13:48 | Build | Archery Range |
| 14:14 | Build | House |
| 14:17 | Create | Villager (Male) |
| 14:44 | Create | Villager (Male) |
| 14:53 | Create | Villager (Male) |
| 15:17 | Build | Blacksmith |
| 15:34 | Research | Castle Age |
| 15:34 | Research | Castle Age |
| 15:50 | Build | Farm |
| 16:04 | Build | Farm |
| 16:16 | Build | Farm |
| 16:21 | Build | Farm |
| 16:21 | Build | Farm |
| 16:33 | Build | Farm |
| 16:33 | Build | Farm |
| 16:34 | Build | Farm |
| 16:42 | Create | Spearman |
| 16:49 | Build | Farm |
| 16:49 | Build | Farm |
| 17:04 | Research | Gold Mining |
| 17:04 | Research | Gold Mining |
| 17:15 | Build | Archery Range |
| 17:42 | Build | Farm |
| 17:42 | Build | Farm |
| 17:43 | Build | Farm |
| 17:44 | Build | Farm |
| 17:46 | Build | Farm |
| 17:50 | Build | Farm |
| 17:59 | Research | Fletching |
| 17:59 | Research | Fletching |
| 18:23 | Age | Castle Age |
| 18:27 | Build | Farm |
| 18:27 | Build | Farm |
| 18:47 | Create | Cavalry Archer ×2 |
| 18:47 | Create | Cavalry Archer ×2 |
| 19:03 | Create | Villager (Male) |
| 19:04 | Create | Villager (Male) |
| 19:18 | Build | Town Center |
| 19:23 | Research | Bow Saw |
| 19:23 | Research | Bow Saw |
| 19:38 | Create | Villager (Male) |
| 19:56 | Create | Villager (Male) |
| 20:19 | Create | Cavalry Archer |
| 20:22 | Create | Villager (Male) |
| 20:32 | Create | Villager (Male) |
| 20:33 | Create | Villager (Male) |
| 20:51 | Create | Cavalry Archer |
| 20:51 | Create | Cavalry Archer |
| 21:01 | Create | Cavalry Archer |
| 21:06 | Create | Villager (Male) |
| 21:07 | Create | Villager (Male) |
| 21:11 | Create | Cavalry Archer |
| 21:11 | Create | Cavalry Archer |
| 21:25 | Research | Thumb Ring |
| 21:25 | Research | Thumb Ring |
| 21:35 | Create | Villager (Male) |
| 21:35 | Create | Villager (Male) |
| 21:40 | Build | House |
| 21:42 | Build | House |
| 21:45 | Build | House |
| 21:52 | Create | Villager (Male) |
| 21:52 | Create | Villager (Male) |
| 21:55 | Create | Villager (Male) |
| 21:56 | Create | Villager (Male) |
| 22:00 | Create | Cavalry Archer ×2 |
| 22:00 | Create | Cavalry Archer ×2 |
| 22:07 | Create | Villager (Male) |
| 22:07 | Create | Villager (Male) |
| 22:25 | Create | Villager (Male) |
| 22:42 | Research | Heavy Plow |
| 22:42 | Research | Heavy Plow |
| 23:01 | Create | Cavalry Archer ×5 |
| 23:01 | Create | Cavalry Archer ×5 |
| 23:19 | Create | Villager (Male) |
| 23:19 | Create | Villager (Male) |
| 23:20 | Create | Villager (Male) |
| 23:40 | Build | Town Center |
| 23:58 | Build | Farm |
Build order — SicariusFeroxis
First 150 of 684 actions detected
| 0:01 | Create | Villager (Male) |
| 0:02 | Create | Villager (Male) |
| 0:02 | Create | Villager (Male) |
| 0:03 | Build | House |
| 0:04 | Build | House |
| 0:06 | Create | Villager (Male) |
| 0:06 | Create | Villager (Male) |
| 0:09 | Create | Villager (Male) |
| 1:15 | Create | Villager (Male) |
| 1:44 | Create | Villager (Male) |
| 2:11 | Build | Lumber Camp |
| 2:14 | Create | Villager (Male) |
| 2:36 | Create | Villager (Male) |
| 2:36 | Create | Villager (Male) |
| 2:57 | Create | Villager (Male) |
| 2:57 | Create | Villager (Male) |
| 3:29 | Build | House |
| 3:47 | Create | Villager (Male) |
| 3:56 | Build | House |
| 4:02 | Create | Villager (Male) |
| 4:15 | Create | Villager (Male) |
| 4:15 | Create | Villager (Male) |
| 4:31 | Build | House |
| 4:38 | Build | Mill |
| 4:47 | Create | Villager (Male) |
| 5:09 | Build | House |
| 5:15 | Create | Villager (Male) |
| 5:20 | Create | Villager (Male) |
| 5:20 | Create | Villager (Male) |
| 5:20 | Create | Villager (Male) |
| 5:39 | Create | Villager (Male) |
| 5:39 | Create | Villager (Male) |
| 5:52 | Create | Villager (Male) |
| 5:52 | Create | Villager (Male) |
| 6:09 | Create | Villager (Male) |
| 6:09 | Create | Villager (Male) |
| 6:30 | Create | Villager (Male) |
| 6:30 | Create | Villager (Male) |
| 7:02 | Create | Villager (Male) |
| 7:21 | Create | Villager (Male) |
| 7:21 | Create | Villager (Male) |
| 7:30 | Create | Villager (Male) |
| 7:36 | Build | House |
| 7:44 | Build | Mining Camp |
| 8:13 | Build | House |
| 8:20 | Create | Villager (Male) |
| 8:20 | Create | Villager (Male) |
| 8:45 | Create | Villager (Male) |
| 8:45 | Create | Villager (Male) |
| 8:45 | Create | Villager (Male) |
| 8:49 | Create | Villager (Male) |
| 9:08 | Create | Villager (Male) |
| 9:08 | Create | Villager (Male) |
| 9:18 | Build | House |
| 9:27 | Create | Villager (Male) |
| 9:27 | Create | Villager (Male) |
| 9:44 | Create | Villager (Male) |
| 9:44 | Create | Villager (Male) |
| 9:44 | Create | Villager (Male) |
| 9:46 | Build | House |
| 9:55 | Research | Loom |
| 9:56 | Research | Feudal Age |
| 9:56 | Research | Feudal Age |
| 10:08 | Build | Palisade Wall |
| 10:14 | Build | Palisade Gate |
| 10:24 | Build | Palisade Wall |
| 10:25 | Create | Villager (Male) |
| 10:25 | Create | Villager (Male) |
| 10:25 | Create | Villager (Male) |
| 10:58 | Create | Villager (Male) |
| 10:58 | Create | Villager (Male) |
| 11:33 | Create | Villager (Male) |
| 11:36 | Build | Palisade Wall |
| 11:40 | Create | Villager (Male) |
| 11:41 | Create | Villager (Male) |
| 11:41 | Create | Villager (Male) |
| 11:46 | Build | Palisade Gate |
| 12:01 | Create | Villager (Male) |
| 12:37 | Age | Feudal Age |
| 12:56 | Create | Villager (Male) |
| 13:02 | Build | Market |
| 13:05 | Build | Blacksmith |
| 13:22 | Create | Villager (Male) |
| 13:32 | Build | Stone Wall |
| 13:34 | Build | Stone Wall |
| 13:38 | Create | Villager (Male) |
| 13:38 | Create | Villager (Male) |
| 13:44 | Create | Villager (Male) |
| 13:44 | Create | Villager (Male) |
| 13:45 | Create | Villager (Male) |
| 13:53 | Research | Castle Age |
| 13:54 | Research | Castle Age |
| 14:08 | Create | Villager (Male) |
| 14:09 | Create | Villager (Male) |
| 14:33 | Build | Gate |
| 14:42 | Create | Villager (Male) |
| 14:46 | Create | Villager (Male) |
| 14:46 | Create | Villager (Male) |
| 14:50 | Build | Farm |
| 14:51 | Build | Farm |
| 14:53 | Build | Farm |
| 14:55 | Build | Farm |
| 15:06 | Research | Double-Bit Axe |
| 15:06 | Research | Horse Collar |
| 15:06 | Research | Horse Collar |
| 15:34 | Build | Gate |
| 15:36 | Build | Stone Wall |
| 15:43 | Build | Stone Wall |
| 16:03 | Build | Mining Camp |
| 16:04 | Create | Villager (Male) |
| 16:05 | Create | Villager (Male) |
| 16:20 | Build | Gate |
| 16:33 | Age | Castle Age |
| 16:50 | Build | Town Center |
| 16:51 | Create | Villager (Male) |
| 16:56 | Build | Barracks |
| 17:01 | Build | Farm |
| 17:07 | Build | Barracks |
| 17:13 | Build | Stone Wall |
| 17:13 | Create | Villager (Male) |
| 17:13 | Create | Villager (Male) |
| 17:33 | Build | Lumber Camp |
| 17:33 | Create | Villager (Male) |
| 17:34 | Create | Villager (Male) |
| 17:46 | Build | House |
| 17:47 | Build | Palisade Wall |
| 17:49 | Build | House |
| 17:50 | Build | Palisade Wall |
| 17:57 | Create | Villager (Male) |
| 17:57 | Create | Villager (Male) |
| 18:19 | Build | Market |
| 18:20 | Create | Villager (Male) |
| 18:20 | Create | Villager (Male) |
| 18:20 | Create | Villager (Male) |
| 18:24 | Create | Villager (Male) |
| 18:29 | Build | Farm |
| 18:31 | Build | Farm |
| 18:32 | Create | Villager (Male) |
| 18:32 | Create | Villager (Male) |
| 18:36 | Create | Villager (Male) |
| 18:37 | Create | Villager (Male) |
| 18:40 | Create | Villager (Male) |
| 18:41 | Create | Villager (Male) |
| 18:50 | Create | Trade Cart |
| 18:56 | Create | Villager (Male) |
| 18:59 | Create | Villager (Male) |
| 19:03 | Build | Farm |
| 19:03 | Create | Villager (Male) |
| 19:21 | Build | Farm |
| 19:21 | Build | Farm |
Build order — Muffie_cute
First 150 of 589 actions detected
| 0:04 | Research | Loom |
| 0:04 | Research | Loom |
| 0:04 | Create | Villager (Male) |
| 0:05 | Create | Villager (Male) |
| 0:05 | Create | Villager (Male) |
| 0:05 | Create | Villager (Male) |
| 0:06 | Create | Villager (Male) |
| 0:09 | Build | House |
| 0:10 | Build | House |
| 0:11 | Build | House |
| 0:13 | Build | House |
| 1:31 | Build | Lumber Camp |
| 1:51 | Create | Villager (Male) |
| 1:51 | Create | Villager (Male) |
| 2:18 | Create | Villager (Male) |
| 2:18 | Create | Villager (Male) |
| 2:39 | Create | Villager (Male) |
| 2:39 | Create | Villager (Male) |
| 3:18 | Create | Villager (Male) |
| 3:19 | Create | Villager (Male) |
| 3:24 | Create | Villager (Male) |
| 3:24 | Create | Villager (Male) |
| 4:03 | Create | Villager (Male) |
| 4:24 | Create | Villager (Male) |
| 4:24 | Create | Villager (Male) |
| 4:39 | Create | Villager (Male) |
| 4:39 | Create | Villager (Male) |
| 5:34 | Create | Villager (Male) |
| 5:34 | Create | Villager (Male) |
| 5:34 | Create | Villager (Male) |
| 5:40 | Create | Villager (Male) |
| 5:48 | Build | Mining Camp |
| 6:31 | Research | Feudal Age |
| 6:32 | Research | Feudal Age |
| 6:57 | Build | House |
| 8:01 | Create | Villager (Male) |
| 8:01 | Create | Villager (Male) |
| 8:02 | Create | Villager (Male) |
| 8:06 | Create | Villager (Male) |
| 8:06 | Create | Villager (Male) |
| 8:06 | Create | Villager (Male) |
| 8:29 | Build | Mill |
| 8:41 | Age | Feudal Age |
| 8:59 | Build | Stone Wall |
| 9:07 | Build | Stone Wall |
| 9:17 | Build | Stone Wall |
| 9:20 | Build | Stone Wall |
| 9:22 | Create | Villager (Male) |
| 9:39 | Build | Stone Wall |
| 9:46 | Build | Stone Wall |
| 9:47 | Create | Villager (Male) |
| 9:56 | Build | Stone Wall |
| 10:07 | Create | Villager (Male) |
| 10:16 | Build | Stone Wall |
| 10:17 | Build | Stone Wall |
| 10:19 | Create | Villager (Male) |
| 10:27 | Build | Market |
| 10:45 | Create | Villager (Male) |
| 11:18 | Create | Villager (Male) |
| 11:19 | Create | Villager (Male) |
| 11:19 | Create | Villager (Male) |
| 11:32 | Build | Stone Wall |
| 11:41 | Build | Stone Wall |
| 11:52 | Build | Mining Camp |
| 11:52 | Create | Villager (Male) |
| 11:53 | Create | Villager (Male) |
| 11:53 | Create | Villager (Male) |
| 12:04 | Create | Villager (Male) |
| 12:13 | Create | Villager (Male) |
| 12:13 | Create | Villager (Male) |
| 13:40 | Create | Villager (Male) |
| 13:40 | Create | Villager (Male) |
| 13:46 | Build | House |
| 14:28 | Create | Villager (Male) |
| 14:32 | Build | Gate |
| 15:06 | Build | Blacksmith |
| 15:12 | Build | House |
| 15:53 | Create | Villager (Male) |
| 16:01 | Build | Farm |
| 16:01 | Build | Farm |
| 16:01 | Build | Farm |
| 16:02 | Build | Farm |
| 16:02 | Build | Farm |
| 16:02 | Build | Farm |
| 16:02 | Build | Farm |
| 16:03 | Build | Farm |
| 16:03 | Build | Farm |
| 16:18 | Build | Farm |
| 17:01 | Research | Castle Age |
| 17:08 | Build | Farm |
| 17:13 | Build | Farm |
| 17:14 | Build | Farm |
| 17:16 | Build | Farm |
| 18:52 | Research | Double-Bit Axe |
| 18:54 | Research | Horse Collar |
| 18:54 | Research | Horse Collar |
| 19:41 | Age | Castle Age |
| 19:42 | Create | Villager (Male) |
| 19:43 | Create | Villager (Male) |
| 19:45 | Research | Bow Saw |
| 19:46 | Research | Heavy Plow |
| 19:46 | Research | Heavy Plow |
| 19:47 | Create | Villager (Male) |
| 19:48 | Create | Villager (Male) |
| 19:48 | Create | Villager (Male) |
| 19:48 | Create | Villager (Male) |
| 19:55 | Build | Town Center |
| 20:05 | Build | Farm |
| 20:21 | Build | House |
| 20:26 | Create | Villager (Male) |
| 20:26 | Create | Villager (Male) |
| 20:27 | Create | Villager (Male) |
| 21:09 | Create | Villager (Male) |
| 21:09 | Create | Villager (Male) |
| 21:09 | Create | Villager (Male) |
| 21:17 | Create | Villager (Male) |
| 21:17 | Create | Villager (Male) |
| 21:20 | Build | Town Center |
| 21:22 | Create | Villager (Male) |
| 21:25 | Build | Farm |
| 21:29 | Build | Farm |
| 21:58 | Build | Town Center |
| 22:14 | Create | Villager (Male) |
| 22:15 | Create | Villager (Male) |
| 22:15 | Create | Villager (Male) |
| 22:16 | Create | Villager (Male) |
| 22:16 | Create | Villager (Male) |
| 22:16 | Create | Villager (Male) |
| 22:17 | Create | Villager (Male) |
| 22:17 | Create | Villager (Male) |
| 22:19 | Create | Villager (Male) |
| 22:36 | Create | Villager (Male) |
| 22:43 | Build | Farm |
| 22:45 | Build | Farm |
| 22:46 | Create | Villager (Male) |
| 23:21 | Create | Villager (Male) |
| 23:22 | Create | Villager (Male) |
| 23:23 | Create | Villager (Male) |
| 23:23 | Create | Villager (Male) |
| 23:24 | Create | Villager (Male) |
| 23:30 | Create | Villager (Male) |
| 23:33 | Create | Villager (Male) |
| 23:38 | Create | Villager (Male) |
| 23:55 | Build | Farm |
| 23:58 | Build | Farm |
| 24:01 | Build | Farm |
| 24:02 | Build | Farm |
| 24:05 | Build | Farm |
| 24:08 | Build | House |
| 24:09 | Build | House |
Build order — Felix
First 150 of 438 actions detected
| 0:01 | Create | Villager (Male) |
| 0:01 | Create | Villager (Male) |
| 0:02 | Create | Villager (Male) |
| 0:07 | Create | Villager (Male) |
| 0:07 | Create | Villager (Male) |
| 1:33 | Create | Villager (Male) |
| 1:33 | Create | Villager (Male) |
| 1:39 | Create | Villager (Male) |
| 1:40 | Create | Villager (Male) |
| 1:49 | Build | Lumber Camp |
| 2:05 | Create | Villager (Male) |
| 2:05 | Create | Villager (Male) |
| 2:52 | Create | Villager (Male) |
| 2:52 | Create | Villager (Male) |
| 3:16 | Create | Villager (Male) |
| 3:16 | Create | Villager (Male) |
| 3:35 | Create | Villager (Male) |
| 3:56 | Create | Villager (Male) |
| 3:57 | Research | Loom |
| 4:16 | Build | Mill |
| 4:26 | Build | Mill |
| 4:53 | Create | Villager (Male) |
| 4:53 | Create | Villager (Male) |
| 4:53 | Create | Villager (Male) |
| 4:53 | Create | Villager (Male) |
| 5:48 | Create | Villager (Male) |
| 5:48 | Create | Villager (Male) |
| 5:48 | Create | Villager (Male) |
| 6:14 | Create | Villager (Male) |
| 6:14 | Create | Villager (Male) |
| 6:17 | Create | Villager (Male) |
| 6:17 | Create | Villager (Male) |
| 6:33 | Create | Villager (Male) |
| 6:33 | Create | Villager (Male) |
| 7:57 | Research | Feudal Age |
| 9:19 | Create | Villager (Male) |
| 9:20 | Create | Villager (Male) |
| 9:33 | Build | Barracks |
| 9:52 | Build | Mining Camp |
| 10:07 | Age | Feudal Age |
| 10:30 | Build | Stable |
| 10:33 | Create | Spearman |
| 10:34 | Create | Spearman |
| 11:06 | Create | Villager (Male) |
| 11:07 | Create | Villager (Male) |
| 11:16 | Create | Scout Cavalry |
| 11:17 | Create | Scout Cavalry |
| 11:19 | Create | Scout Cavalry |
| 11:19 | Create | Scout Cavalry |
| 11:25 | Build | Farm |
| 11:28 | Create | Villager (Male) |
| 11:40 | Build | Farm |
| 11:59 | Build | Farm |
| 12:02 | Build | Farm |
| 12:05 | Create | Villager (Male) |
| 12:23 | Build | Farm |
| 12:36 | Research | Double-Bit Axe |
| 12:47 | Create | Villager (Male) |
| 12:48 | Create | Villager (Male) |
| 12:53 | Build | Palisade Wall |
| 12:55 | Build | Palisade Wall |
| 13:10 | Create | Villager (Male) |
| 13:17 | Build | Farm |
| 13:50 | Build | Blacksmith |
| 13:53 | Create | Villager (Male) |
| 13:53 | Create | Villager (Male) |
| 14:16 | Research | Bloodlines |
| 14:18 | Create | Villager (Male) |
| 14:18 | Create | Villager (Male) |
| 14:35 | Create | Villager (Male) |
| 14:45 | Build | Palisade Gate |
| 14:49 | Build | Palisade Wall |
| 14:50 | Build | Palisade Wall |
| 14:54 | Build | Farm |
| 15:08 | Build | Palisade Gate |
| 15:13 | Build | Palisade Wall |
| 15:26 | Build | Farm |
| 15:27 | Create | Villager (Male) |
| 15:32 | Build | Market |
| 15:37 | Build | Gate |
| 15:48 | Build | Mining Camp |
| 15:54 | Research | Forging |
| 15:55 | Research | Scale Barding Armor |
| 16:06 | Create | Villager (Male) |
| 16:06 | Create | Villager (Male) |
| 16:27 | Create | Spearman |
| 16:27 | Create | Spearman |
| 17:14 | Build | Farm |
| 17:18 | Create | Villager (Male) |
| 17:21 | Build | Farm |
| 17:21 | Build | Farm |
| 17:22 | Build | Farm |
| 17:22 | Build | Farm |
| 17:34 | Create | Villager (Male) |
| 17:34 | Create | Villager (Male) |
| 18:02 | Create | Villager (Male) |
| 18:02 | Create | Villager (Male) |
| 18:27 | Create | Villager (Male) |
| 19:03 | Research | Horse Collar |
| 19:10 | Build | Mill |
| 19:12 | Build | Farm |
| 19:12 | Build | Farm |
| 19:34 | Build | Farm |
| 19:56 | Research | Castle Age |
| 19:56 | Research | Castle Age |
| 20:05 | Build | Lumber Camp |
| 20:30 | Research | Gold Mining |
| 20:52 | Research | Stone Mining |
| 21:00 | Build | Stone Wall |
| 21:04 | Build | Gate |
| 21:20 | Create | Villager (Male) |
| 21:24 | Build | Farm |
| 22:36 | Age | Castle Age |
| 22:40 | Create | Villager (Male) |
| 22:45 | Build | Town Center |
| 23:06 | Build | Palisade Gate |
| 23:16 | Create | Villager (Male) |
| 23:16 | Create | Villager (Male) |
| 23:44 | Build | Town Center |
| 23:45 | Create | Villager (Male) |
| 23:46 | Create | Villager (Male) |
| 23:46 | Create | Villager (Male) |
| 24:08 | Research | Husbandry |
| 24:12 | Research | Wheelbarrow |
| 24:16 | Research | Town Watch |
| 24:37 | Create | Villager (Male) |
| 24:38 | Create | Villager (Male) |
| 24:39 | Create | Villager (Male) |
| 24:39 | Create | Villager (Male) |
| 24:40 | Create | Villager (Male) |
| 24:40 | Create | Villager (Male) |
| 24:43 | Build | Farm |
| 24:48 | Build | Farm |
| 24:48 | Create | Villager (Male) |
| 24:49 | Create | Villager (Male) |
| 24:49 | Create | Villager (Male) |
| 24:49 | Create | Villager (Male) |
| 25:02 | Create | Villager (Male) |
| 25:06 | Build | Farm |
| 25:19 | Build | Farm |
| 25:22 | Research | Pikeman (upgrade) |
| 25:48 | Create | Villager (Male) |
| 25:51 | Build | Archery Range |
| 25:57 | Build | Farm |
| 26:06 | Create | Villager (Male) |
| 26:06 | Create | Villager (Male) |
| 26:20 | Research | Bow Saw |
| 26:27 | Research | Heavy Plow |
| 26:27 | Research | Heavy Plow |
| 26:35 | Create | Villager (Male) |
Build order — Joe
First 150 of 426 actions detected
| 0:03 | Build | House |
| 0:04 | Create | Villager (Male) |
| 0:04 | Create | Villager (Male) |
| 0:06 | Build | House |
| 0:08 | Build | House |
| 0:36 | Create | Villager (Male) |
| 0:36 | Create | Villager (Male) |
| 0:37 | Create | Villager (Male) |
| 1:42 | Create | Villager (Male) |
| 1:42 | Create | Villager (Male) |
| 2:07 | Create | Villager (Male) |
| 2:08 | Create | Villager (Male) |
| 2:38 | Create | Villager (Male) |
| 2:58 | Research | Loom |
| 3:17 | Create | Villager (Male) |
| 3:17 | Create | Villager (Male) |
| 3:17 | Create | Villager (Male) |
| 3:39 | Create | Villager (Male) |
| 3:39 | Create | Villager (Male) |
| 4:28 | Build | Lumber Camp |
| 4:51 | Create | Villager (Male) |
| 4:52 | Create | Villager (Male) |
| 5:35 | Create | Villager (Male) |
| 5:35 | Create | Villager (Male) |
| 5:57 | Build | House |
| 6:34 | Create | Villager (Male) |
| 6:35 | Create | Villager (Male) |
| 7:04 | Build | Mill |
| 7:20 | Create | Villager (Male) |
| 7:39 | Create | Villager (Male) |
| 7:59 | Build | Mining Camp |
| 8:13 | Research | Feudal Age |
| 9:56 | Build | House |
| 10:13 | Create | Villager (Male) |
| 10:14 | Create | Villager (Male) |
| 10:24 | Age | Feudal Age |
| 10:53 | Build | House |
| 10:58 | Build | Market |
| 11:09 | Create | Villager (Male) |
| 11:42 | Create | Villager (Male) |
| 12:09 | Create | Villager (Male) |
| 12:18 | Build | Blacksmith |
| 12:20 | Build | House |
| 12:27 | Build | Farm |
| 12:30 | Build | Farm |
| 12:32 | Create | Villager (Male) |
| 12:45 | Create | Villager (Male) |
| 13:36 | Research | Castle Age |
| 13:36 | Research | Castle Age |
| 14:14 | Build | Barracks |
| 14:32 | Research | Double-Bit Axe |
| 14:33 | Research | Horse Collar |
| 15:03 | Build | Farm |
| 15:37 | Build | Stable |
| 16:16 | Age | Castle Age |
| 16:32 | Create | Spearman |
| 16:33 | Create | Spearman |
| 16:47 | Build | Town Center |
| 16:48 | Research | Bow Saw |
| 17:01 | Build | Stable |
| 17:03 | Create | Knight |
| 17:58 | Create | Villager (Male) |
| 17:59 | Create | Villager (Male) |
| 17:59 | Create | Villager (Male) |
| 18:06 | Build | Palisade Gate |
| 18:16 | Create | Knight |
| 18:16 | Create | Knight |
| 18:39 | Build | Town Center |
| 18:56 | Build | House |
| 18:57 | Build | House |
| 18:58 | Build | House |
| 19:02 | Create | Knight |
| 19:06 | Create | Knight |
| 19:08 | Create | Villager (Male) |
| 19:08 | Create | Villager (Male) |
| 19:12 | Build | Farm |
| 19:12 | Build | Farm |
| 19:12 | Build | Farm |
| 19:13 | Build | Farm |
| 19:19 | Build | Farm |
| 19:19 | Build | Farm |
| 19:20 | Build | Farm |
| 19:27 | Create | Villager (Male) |
| 19:51 | Build | House |
| 19:52 | Build | House |
| 20:01 | Build | Farm |
| 20:01 | Build | Farm |
| 20:01 | Build | Farm |
| 20:05 | Create | Villager (Male) |
| 20:41 | Create | Villager (Male) |
| 20:41 | Create | Villager (Male) |
| 20:46 | Build | Farm |
| 20:50 | Build | Mining Camp |
| 20:55 | Create | Villager (Male) |
| 21:00 | Build | Farm |
| 21:00 | Build | Farm |
| 21:00 | Build | Farm |
| 21:18 | Create | Villager (Male) |
| 21:19 | Create | Villager (Male) |
| 21:26 | Build | Farm |
| 21:35 | Build | Farm |
| 21:36 | Create | Villager (Male) |
| 21:36 | Create | Villager (Male) |
| 21:57 | Build | House |
| 21:58 | Build | House |
| 21:59 | Create | Villager (Male) |
| 22:00 | Create | Villager (Male) |
| 22:00 | Create | Villager (Male) |
| 22:16 | Research | Husbandry |
| 22:18 | Create | Villager (Male) |
| 22:22 | Build | Farm |
| 22:23 | Build | Farm |
| 22:31 | Build | Farm |
| 22:42 | Create | Villager (Male) |
| 22:42 | Create | Villager (Male) |
| 23:24 | Create | Villager (Male) |
| 23:24 | Create | Villager (Male) |
| 23:25 | Create | Villager (Male) |
| 23:25 | Create | Villager (Male) |
| 23:25 | Create | Villager (Male) |
| 23:35 | Create | Villager (Male) |
| 23:36 | Create | Villager (Male) |
| 23:38 | Build | House |
| 23:46 | Create | Villager (Male) |
| 23:46 | Create | Villager (Male) |
| 24:34 | Create | Villager (Male) |
| 24:34 | Create | Villager (Male) |
| 24:34 | Create | Villager (Male) |
| 24:34 | Create | Villager (Male) |
| 24:35 | Create | Villager (Male) |
| 25:19 | Create | Villager (Male) |
| 25:19 | Create | Villager (Male) |
| 25:20 | Create | Villager (Male) |
| 25:20 | Create | Villager (Male) |
| 25:20 | Create | Villager (Male) |
| 25:21 | Create | Villager (Male) |
| 25:21 | Create | Villager (Male) |
| 25:32 | Build | Town Center |
| 25:46 | Build | Mining Camp |
| 25:47 | Create | Villager (Male) |
| 25:48 | Create | Villager (Male) |
| 25:48 | Create | Villager (Male) |
| 25:51 | Build | Farm |
| 25:52 | Build | Farm |
| 25:52 | Build | Farm |
| 25:52 | Build | Farm |
| 25:52 | Build | Farm |
| 25:53 | Build | Farm |
| 25:57 | Build | Farm |
| 26:04 | Research | Heavy Plow |
Build order — Polos-Dev
First 150 of 281 actions detected
| 0:04 | Build | House |
| 0:06 | Build | House |
| 0:18 | Create | Villager (Male) |
| 0:19 | Create | Villager (Male) |
| 0:19 | Create | Villager (Male) |
| 0:19 | Create | Villager (Male) |
| 0:19 | Create | Villager (Male) |
| 1:40 | Build | Lumber Camp |
| 1:41 | Create | Villager (Male) |
| 1:41 | Create | Villager (Male) |
| 2:16 | Create | Villager (Male) |
| 2:16 | Create | Villager (Male) |
| 2:40 | Create | Villager (Male) |
| 2:41 | Create | Villager (Male) |
| 3:10 | Create | Villager (Male) |
| 3:10 | Create | Villager (Male) |
| 3:58 | Build | Mill |
| 4:03 | Build | House |
| 4:17 | Create | Villager (Male) |
| 4:17 | Create | Villager (Male) |
| 4:30 | Create | Villager (Male) |
| 4:30 | Create | Villager (Male) |
| 4:30 | Create | Villager (Male) |
| 5:00 | Create | Villager (Male) |
| 5:40 | Create | Villager (Male) |
| 6:28 | Build | Lumber Camp |
| 6:35 | Create | Villager (Male) |
| 6:35 | Create | Villager (Male) |
| 6:37 | Create | Villager (Male) |
| 6:40 | Research | Loom |
| 8:12 | Research | Feudal Age |
| 8:28 | Build | Mill |
| 9:29 | Build | Palisade Wall |
| 9:38 | Create | Villager (Male) |
| 10:18 | Build | Barracks |
| 10:25 | Age | Feudal Age |
| 10:34 | Build | House |
| 10:55 | Create | Villager (Male) |
| 10:59 | Build | House |
| 11:16 | Build | Stable |
| 11:25 | Create | Villager (Male) |
| 11:59 | Create | Villager (Male) |
| 12:05 | Create | Scout Cavalry |
| 12:05 | Create | Scout Cavalry |
| 12:06 | Create | Scout Cavalry |
| 12:11 | Build | House |
| 12:36 | Build | House |
| 12:47 | Create | Scout Cavalry |
| 13:03 | Build | House |
| 13:22 | Create | Villager (Male) |
| 13:47 | Build | Farm |
| 13:48 | Build | Farm |
| 13:49 | Build | Farm |
| 13:52 | Build | Farm |
| 13:55 | Build | Farm |
| 13:59 | Build | Farm |
| 14:03 | Build | Farm |
| 14:09 | Create | Villager (Male) |
| 14:11 | Create | Villager (Male) |
| 14:23 | Build | House |
| 15:06 | Create | Villager (Male) |
| 15:10 | Create | Villager (Male) |
| 15:10 | Create | Villager (Male) |
| 15:29 | Build | Farm |
| 15:35 | Build | Farm |
| 15:37 | Build | Farm |
| 15:39 | Build | Farm |
| 16:02 | Build | Farm |
| 16:07 | Build | Mining Camp |
| 16:14 | Build | Farm |
| 16:15 | Build | Farm |
| 17:07 | Build | Farm |
| 17:13 | Create | Villager (Male) |
| 17:13 | Create | Villager (Male) |
| 18:08 | Create | Villager (Male) |
| 18:23 | Build | Blacksmith |
| 19:08 | Research | Castle Age |
| 19:39 | Research | Scale Barding Armor |
| 19:40 | Research | Forging |
| 19:49 | Build | Stable |
| 20:00 | Research | Double-Bit Axe |
| 20:03 | Create | Villager (Male) |
| 20:18 | Build | House |
| 20:20 | Build | House |
| 20:30 | Research | Scale Mail Armor |
| 21:48 | Age | Castle Age |
| 21:50 | Create | Knight ×4 |
| 21:51 | Create | Knight ×4 |
| 22:08 | Build | Town Center |
| 22:18 | Create | Villager (Male) |
| 22:19 | Create | Villager (Male) |
| 22:19 | Create | Villager (Male) |
| 22:25 | Build | Town Center |
| 22:29 | Create | Villager (Male) |
| 22:37 | Create | Knight ×2 |
| 22:37 | Create | Knight ×2 |
| 22:37 | Create | Knight ×2 |
| 23:11 | Create | Villager (Male) |
| 23:14 | Create | Villager (Male) |
| 23:20 | Build | Farm |
| 23:21 | Build | Farm |
| 23:33 | Research | Iron Casting |
| 23:59 | Create | Villager (Male) |
| 24:04 | Create | Knight |
| 24:05 | Create | Knight |
| 24:28 | Create | Villager (Male) |
| 24:32 | Create | Knight |
| 24:32 | Create | Knight |
| 24:35 | Create | Villager (Male) ×2 |
| 24:48 | Build | Farm |
| 24:49 | Build | Farm |
| 24:51 | Build | Farm |
| 24:58 | Build | Farm |
| 24:59 | Build | Farm |
| 25:03 | Create | Villager (Male) |
| 25:05 | Create | Villager (Male) |
| 25:26 | Create | Villager (Male) |
| 25:30 | Create | Villager (Male) |
| 25:31 | Create | Villager (Male) |
| 25:40 | Build | Farm |
| 25:41 | Build | Farm |
| 25:44 | Build | Farm |
| 25:50 | Create | Knight |
| 25:50 | Create | Knight |
| 25:58 | Build | Farm |
| 26:01 | Create | Villager (Male) |
| 26:17 | Create | Knight |
| 26:39 | Create | Villager (Male) |
| 26:41 | Create | Villager (Male) |
| 26:45 | Create | Villager (Male) |
| 26:50 | Create | Villager (Male) |
| 26:55 | Create | Knight |
| 26:55 | Create | Knight |
| 27:18 | Create | Villager (Male) |
| 27:21 | Create | Villager (Male) |
| 27:26 | Create | Villager (Male) |
| 27:26 | Create | Villager (Male) |
| 27:27 | Create | Villager (Male) |
| 27:31 | Create | Knight |
| 27:32 | Create | Knight |
| 27:47 | Create | Villager (Male) |
| 27:57 | Create | Villager (Male) |
| 28:01 | Create | Villager (Male) |
| 28:06 | Create | Knight |
| 29:46 | Research | Chain Barding Armor |
| 29:50 | Build | House |
| 29:51 | Build | House |
| 29:52 | Build | House |
| 29:56 | Create | Villager (Male) |
| 29:56 | Create | Villager (Male) |
Build order — Conqurues
First 150 of 579 actions detected
| 0:01 | Create | Villager (Male) |
| 0:01 | Create | Villager (Male) |
| 0:01 | Create | Villager (Male) |
| 0:02 | Create | Villager (Male) |
| 0:03 | Build | House |
| 0:04 | Build | House |
| 1:20 | Create | Villager (Male) |
| 1:20 | Create | Villager (Male) |
| 1:20 | Create | Villager (Male) |
| 1:46 | Create | Villager (Male) |
| 1:46 | Create | Villager (Male) |
| 2:07 | Build | Lumber Camp |
| 2:25 | Create | Villager (Male) |
| 2:25 | Create | Villager (Male) |
| 3:17 | Build | House |
| 3:46 | Build | Mill |
| 3:49 | Create | Villager (Male) |
| 3:49 | Create | Villager (Male) |
| 3:50 | Create | Villager (Male) |
| 4:57 | Create | Villager (Male) |
| 4:58 | Create | Villager (Male) |
| 5:46 | Create | Villager (Male) |
| 6:03 | Research | Loom |
| 6:42 | Research | Feudal Age |
| 7:27 | Build | Barracks |
| 8:25 | Build | House |
| 8:46 | Age | Feudal Age |
| 8:51 | Build | Stable |
| 8:55 | Create | Villager (Male) |
| 8:55 | Create | Villager (Male) |
| 9:34 | Create | Villager (Male) |
| 9:56 | Build | House |
| 10:02 | Create | Scout Cavalry |
| 10:02 | Create | Scout Cavalry |
| 10:02 | Create | Scout Cavalry |
| 10:02 | Create | Scout Cavalry |
| 10:32 | Build | House |
| 10:35 | Build | Palisade Wall |
| 10:43 | Create | Villager (Male) |
| 10:44 | Create | Villager (Male) |
| 10:46 | Research | Double-Bit Axe |
| 10:47 | Research | Double-Bit Axe |
| 11:11 | Build | Farm |
| 11:11 | Build | Farm |
| 11:11 | Build | Farm |
| 11:11 | Build | Farm |
| 11:12 | Build | Farm |
| 11:14 | Create | Villager (Male) |
| 11:14 | Create | Villager (Male) |
| 11:33 | Research | Horse Collar |
| 11:57 | Create | Villager (Male) |
| 12:38 | Build | Farm |
| 12:38 | Build | Farm |
| 12:38 | Build | Farm |
| 12:39 | Build | Farm |
| 12:39 | Build | Farm |
| 12:43 | Build | House |
| 13:44 | Create | Villager (Male) |
| 13:44 | Create | Villager (Male) |
| 13:45 | Create | Villager (Male) |
| 13:48 | Build | House |
| 13:51 | Build | House |
| 13:59 | Build | Farm |
| 14:02 | Build | Farm |
| 14:29 | Build | Mining Camp |
| 14:50 | Build | Market |
| 14:53 | Create | Villager (Male) |
| 15:27 | Create | Villager (Male) |
| 15:58 | Research | Castle Age |
| 15:58 | Research | Castle Age |
| 16:21 | Build | House |
| 17:13 | Create | Spearman |
| 17:53 | Build | House |
| 18:23 | Age | Castle Age |
| 18:30 | Build | Town Center |
| 18:33 | Research | Wheelbarrow |
| 18:37 | Research | Heavy Plow |
| 18:39 | Research | Bow Saw |
| 18:45 | Build | Town Center |
| 18:58 | Create | Knight |
| 19:00 | Create | Knight |
| 19:46 | Create | Villager (Male) |
| 19:46 | Create | Villager (Male) |
| 19:51 | Create | Villager (Male) |
| 19:51 | Create | Villager (Male) |
| 19:58 | Build | Farm |
| 19:58 | Build | Farm |
| 19:58 | Build | Farm |
| 19:58 | Build | Farm |
| 19:59 | Build | Farm |
| 19:59 | Build | Farm |
| 19:59 | Build | Farm |
| 20:05 | Create | Villager (Male) |
| 20:05 | Create | Villager (Male) |
| 20:31 | Build | House |
| 20:33 | Build | House |
| 20:38 | Create | Villager (Male) |
| 20:40 | Create | Villager (Male) |
| 20:40 | Create | Villager (Male) |
| 21:02 | Create | Villager (Male) |
| 21:02 | Create | Villager (Male) |
| 21:03 | Create | Villager (Male) |
| 21:07 | Build | Farm |
| 21:07 | Build | Farm |
| 21:07 | Build | Farm |
| 21:08 | Build | Farm |
| 21:24 | Create | Villager (Male) |
| 21:29 | Create | Villager (Male) |
| 21:45 | Create | Villager (Male) |
| 21:51 | Build | Farm |
| 21:51 | Build | Farm |
| 21:51 | Build | Farm |
| 21:51 | Build | Farm |
| 21:52 | Build | Farm |
| 21:59 | Create | Villager (Male) |
| 22:06 | Build | Farm |
| 22:08 | Build | House |
| 22:31 | Create | Villager (Male) |
| 22:32 | Create | Villager (Male) |
| 22:32 | Create | Villager (Male) |
| 22:32 | Create | Villager (Male) |
| 22:40 | Build | Farm |
| 22:40 | Build | Farm |
| 22:40 | Build | Farm |
| 22:40 | Build | Farm |
| 23:22 | Create | Villager (Male) |
| 23:22 | Create | Villager (Male) |
| 23:23 | Create | Villager (Male) |
| 23:23 | Create | Villager (Male) |
| 23:31 | Create | Villager (Male) |
| 24:02 | Create | Villager (Male) |
| 24:02 | Create | Villager (Male) |
| 24:02 | Create | Villager (Male) |
| 24:25 | Create | Villager (Male) |
| 24:26 | Create | Villager (Male) |
| 24:26 | Create | Villager (Male) |
| 24:26 | Create | Villager (Male) |
| 24:29 | Create | Knight |
| 24:29 | Create | Knight |
| 24:29 | Create | Knight |
| 24:45 | Build | Town Center |
| 24:49 | Build | Farm |
| 24:50 | Build | Farm |
| 24:54 | Build | Farm |
| 24:54 | Build | Farm |
| 24:55 | Build | Farm |
| 24:55 | Build | Farm |
| 24:55 | Build | Farm |
| 24:56 | Build | Farm |
| 25:00 | Create | Villager (Male) |
Build order — Manvel_G
First 150 of 487 actions detected
| 0:10 | Create | Villager (Male) |
| 0:10 | Create | Villager (Male) |
| 0:11 | Create | Villager (Male) |
| 0:12 | Build | House |
| 0:14 | Build | House |
| 0:36 | Create | Villager (Male) |
| 0:37 | Create | Villager (Male) |
| 1:17 | Create | Villager (Male) |
| 1:58 | Create | Villager (Male) |
| 2:10 | Create | Villager (Male) |
| 2:27 | Build | Lumber Camp |
| 2:38 | Create | Villager (Male) |
| 3:16 | Create | Villager (Male) |
| 3:27 | Create | Villager (Male) |
| 3:54 | Create | Villager (Male) |
| 4:00 | Build | House |
| 4:17 | Create | Villager (Male) |
| 4:31 | Create | Villager (Male) |
| 4:36 | Build | Mill |
| 4:40 | Create | Villager (Male) |
| 4:40 | Create | Villager (Male) |
| 5:55 | Create | Villager (Male) |
| 6:06 | Create | Villager (Male) |
| 6:23 | Create | Villager (Male) |
| 6:44 | Build | House |
| 6:51 | Research | Loom |
| 7:01 | Create | Villager (Male) |
| 7:13 | Build | Mining Camp |
| 7:15 | Create | Villager (Male) |
| 7:45 | Create | Villager (Male) |
| 8:17 | Create | Villager (Male) |
| 8:23 | Build | House |
| 9:00 | Create | Villager (Male) |
| 9:01 | Create | Villager (Male) |
| 9:20 | Create | Villager (Male) |
| 9:59 | Create | Villager (Male) |
| 10:09 | Create | Villager (Male) |
| 10:28 | Build | House |
| 10:35 | Build | Palisade Wall |
| 10:43 | Build | Palisade Wall |
| 10:45 | Create | Villager (Male) |
| 10:45 | Create | Villager (Male) |
| 10:59 | Build | Mill |
| 11:14 | Build | Mining Camp |
| 11:19 | Research | Feudal Age |
| 11:42 | Build | Palisade Wall |
| 12:40 | Build | Palisade Wall |
| 12:46 | Create | Villager (Male) |
| 13:02 | Build | Barracks |
| 13:40 | Age | Feudal Age |
| 13:45 | Create | Spearman |
| 13:45 | Create | Spearman |
| 14:27 | Build | Blacksmith |
| 14:31 | Build | Market |
| 14:34 | Create | Villager (Male) |
| 14:34 | Create | Villager (Male) |
| 14:49 | Research | Horse Collar |
| 14:52 | Build | Farm |
| 14:53 | Build | Farm |
| 14:55 | Build | Farm |
| 14:56 | Build | Farm |
| 14:56 | Build | Farm |
| 14:59 | Build | Farm |
| 15:00 | Build | Farm |
| 15:09 | Create | Villager (Male) |
| 15:15 | Research | Castle Age |
| 15:43 | Create | Spearman |
| 15:51 | Build | House |
| 15:54 | Build | House |
| 15:58 | Build | House |
| 16:14 | Build | House |
| 16:18 | Build | House |
| 16:21 | Build | House |
| 17:03 | Create | Villager (Male) |
| 17:03 | Create | Villager (Male) |
| 17:04 | Create | Villager (Male) |
| 17:04 | Create | Villager (Male) |
| 17:04 | Create | Villager (Male) |
| 17:35 | Create | Spearman |
| 17:44 | Create | Spearman |
| 17:58 | Age | Castle Age |
| 18:36 | Build | Castle |
| 18:53 | Build | Town Center |
| 18:57 | Create | Villager (Male) |
| 19:26 | Create | Ghulam |
| 19:44 | Create | Villager (Male) |
| 20:07 | Create | Villager (Male) |
| 20:33 | Build | Farm |
| 20:51 | Build | Farm |
| 20:53 | Create | Villager (Male) |
| 20:53 | Create | Villager (Male) |
| 21:15 | Build | Stone Wall |
| 21:21 | Create | Ghulam |
| 21:21 | Create | Ghulam |
| 21:29 | Build | Farm |
| 21:32 | Build | Farm |
| 21:34 | Build | Farm |
| 21:36 | Create | Villager (Male) |
| 21:36 | Create | Villager (Male) |
| 21:59 | Create | Villager (Male) |
| 22:07 | Create | Villager (Male) |
| 22:12 | Build | Farm |
| 22:51 | Build | House |
| 22:53 | Build | House |
| 22:56 | Build | House |
| 22:59 | Create | Ghulam |
| 22:59 | Create | Ghulam |
| 22:59 | Create | Ghulam |
| 23:27 | Create | Ghulam |
| 23:27 | Create | Ghulam |
| 23:59 | Build | Farm |
| 24:16 | Build | House |
| 24:20 | Build | House |
| 24:27 | Create | Villager (Male) |
| 24:27 | Create | Villager (Male) |
| 24:27 | Create | Villager (Male) |
| 24:28 | Create | Villager (Male) |
| 24:28 | Create | Villager (Male) |
| 24:35 | Create | Villager (Male) |
| 24:35 | Create | Villager (Male) |
| 24:35 | Create | Villager (Male) |
| 25:08 | Build | Farm |
| 25:09 | Build | Farm |
| 25:11 | Build | Farm |
| 25:16 | Create | Villager (Male) |
| 25:16 | Create | Villager (Male) |
| 25:44 | Create | Villager (Male) |
| 25:57 | Build | Farm |
| 25:58 | Build | Farm |
| 26:00 | Build | Farm |
| 26:01 | Build | Farm |
| 26:07 | Build | Farm |
| 26:08 | Build | Farm |
| 26:18 | Create | Villager (Male) |
| 26:18 | Create | Villager (Male) |
| 26:18 | Create | Villager (Male) |
| 26:18 | Create | Villager (Male) |
| 26:21 | Create | Villager (Male) |
| 26:44 | Build | Castle |
| 26:49 | Create | Villager (Male) |
| 26:49 | Create | Villager (Male) |
| 26:49 | Create | Villager (Male) |
| 26:52 | Create | Villager (Male) |
| 27:18 | Build | Town Center |
| 27:21 | Create | Villager (Male) |
| 27:22 | Create | Villager (Male) |
| 27:24 | Create | Villager (Male) |
| 27:42 | Create | Villager (Male) |
| 27:43 | Create | Villager (Male) |
| 27:43 | Create | Villager (Male) |
Match timeline
| 7:27 | Conqurues · first_building Barracks |
| 8:41 | Muffie_cute · age_up feudal |
| 8:46 | Conqurues · age_up feudal |
| 8:51 | Conqurues · first_building Stable |
| 8:59 | Muffie_cute · wall_segment Stone Wall x12 |
| 9:07 | Muffie_cute · wall_segment Stone Wall x20 |
| 9:17 | Muffie_cute · wall_segment Stone Wall x6 |
| 9:20 | Muffie_cute · wall_segment Stone Wall x6 |
| 9:29 | Polos-Dev · wall_segment Palisade Wall x22 |
| 9:33 | Felix · first_building Barracks |
| 9:39 | Muffie_cute · wall_segment Stone Wall x11 |
| 9:46 | Muffie_cute · wall_segment Stone Wall x4 |
| 9:56 | Muffie_cute · wall_segment Stone Wall x7 |
| 10:07 | Felix · age_up feudal |
| 10:08 | SicariusFeroxis · wall_segment Palisade Wall x8 |
| 10:16 | Muffie_cute · wall_segment Stone Wall x1 |
| 10:17 | Muffie_cute · wall_segment Stone Wall x1 |
| 10:18 | Polos-Dev · first_building Barracks |
| 10:24 | SicariusFeroxis · wall_segment Palisade Wall x16 |
| 10:24 | Joe · age_up feudal |
| 10:25 | Polos-Dev · age_up feudal |
| 10:30 | Felix · first_building Stable |
| 10:35 | Conqurues · wall_segment Palisade Wall x11 |
| 10:35 | Manvel_G · wall_segment Palisade Wall x8 |
| 10:43 | Manvel_G · wall_segment Palisade Wall x13 |
| 11:15 | chengyp8676 · wall_segment Palisade Wall x4 |
| 11:16 | Polos-Dev · first_building Stable |
| 11:30 | chengyp8676 · first_building Barracks |
| 11:32 | Muffie_cute · wall_segment Stone Wall x8 |
| 11:36 | SicariusFeroxis · wall_segment Palisade Wall x5 |
| 11:41 | Muffie_cute · wall_segment Stone Wall x8 |
| 11:42 | Manvel_G · wall_segment Palisade Wall x17 |
| 11:46 | chengyp8676 · age_up feudal |
| 12:37 | SicariusFeroxis · age_up feudal |
| 12:40 | Manvel_G · wall_segment Palisade Wall x3 |
| 12:53 | Felix · wall_segment Palisade Wall x7 |
| 12:55 | Felix · wall_segment Palisade Wall x8 |
| 13:02 | Manvel_G · first_building Barracks |
| 13:06 | Joe · first_market_sell 100 wood |
| 13:12 | Joe · first_market_buy 100 food |
| 13:32 | SicariusFeroxis · wall_segment Stone Wall x11 |
| 13:34 | SicariusFeroxis · wall_segment Stone Wall x1 |
| 13:40 | Manvel_G · age_up feudal |
| 13:48 | chengyp8676 · first_building Archery Range |
| 14:14 | Joe · first_building Barracks |
| 14:49 | Felix · wall_segment Palisade Wall x1 |
| 14:50 | Felix · wall_segment Palisade Wall x6 |
| 15:13 | Felix · wall_segment Palisade Wall x8 |
| 15:36 | SicariusFeroxis · wall_segment Stone Wall x5 |
| 15:37 | Joe · first_building Stable |
| 15:43 | SicariusFeroxis · wall_segment Stone Wall x10 |
| 15:54 | Conqurues · first_market_sell 100 food |
| 16:01 | SicariusFeroxis · first_market_buy 100 wood |
| 16:16 | SicariusFeroxis · first_market_sell 100 wood |
| 16:16 | Joe · age_up castle |
| 16:33 | SicariusFeroxis · age_up castle |
| 16:56 | SicariusFeroxis · first_building Barracks |
| 17:13 | SicariusFeroxis · wall_segment Stone Wall x5 |
| 17:47 | SicariusFeroxis · wall_segment Palisade Wall x1 |
| 17:50 | SicariusFeroxis · wall_segment Palisade Wall x1 |
| 17:58 | Manvel_G · age_up castle |
| 18:08 | Manvel_G · first_market_buy 100 stone |
| 18:16 | Manvel_G · first_market_sell 100 food |
| 18:23 | chengyp8676 · age_up castle |
| 18:23 | Conqurues · age_up castle |
| 18:36 | Manvel_G · first_building Castle |
| 19:21 | Felix · first_market_buy 100 food |
| 19:26 | Felix · first_market_sell 100 wood |
| 19:41 | Muffie_cute · age_up castle |
| 21:00 | Felix · wall_segment Stone Wall x13 |
| 21:15 | Manvel_G · wall_segment Stone Wall x23 |
| 21:48 | Polos-Dev · age_up castle |
| 22:23 | SicariusFeroxis · first_building Castle |
| 22:36 | Felix · age_up castle |
| 22:56 | SicariusFeroxis · first_building Monastery |
| 24:38 | Conqurues · first_market_buy 100 stone |
| 24:41 | chengyp8676 · first_building Stable |
| 25:51 | Felix · first_building Archery Range |
| 26:43 | Muffie_cute · wall_segment Stone Wall x9 |
| 27:22 | Joe · first_building Castle |
| 27:28 | Muffie_cute · wall_segment Stone Wall x8 |
| 27:48 | Felix · first_building Castle |
| 28:28 | Conqurues · first_building Monastery |
| 28:33 | SicariusFeroxis · first_building Stable |
| 29:02 | Muffie_cute · first_building Barracks |
| 29:21 | SicariusFeroxis · tribute_sent a jugador 2 |
| 29:21 | SicariusFeroxis · tribute_sent a jugador 3 |
| 29:21 | SicariusFeroxis · tribute_sent a jugador 4 |
| 29:21 | SicariusFeroxis · tribute_sent a jugador 5 |
| 29:21 | SicariusFeroxis · tribute_sent a jugador 6 |
| 29:21 | SicariusFeroxis · tribute_sent a jugador 7 |
| 29:21 | SicariusFeroxis · tribute_sent a jugador 8 |
| 29:58 | Muffie_cute · first_building Castle |
| 30:03 | SicariusFeroxis · first_building Archery Range |
| 30:40 | Joe · wall_segment Stone Wall x1 |
| 30:42 | Joe · wall_segment Stone Wall x1 |
| 31:43 | chengyp8676 · first_market_sell 500 wood |
| 32:01 | chengyp8676 · first_building Siege Workshop |
| 32:04 | Conqurues · first_building Castle |
| 32:12 | Conqurues · age_up imperial |
| 33:23 | Polos-Dev · first_building Castle |
| 33:37 | Muffie_cute · wall_segment Stone Wall x12 |
| 33:54 | Muffie_cute · wall_segment Stone Wall x6 |
| 34:05 | Manvel_G · first_building Stable |
| 35:22 | Joe · age_up imperial |
| 35:29 | Muffie_cute · age_up imperial |
| 35:35 | Joe · wall_segment Stone Wall x2 |
| 35:40 | SicariusFeroxis · first_building Siege Workshop |
| 35:41 | Joe · wall_segment Stone Wall x6 |
| 35:53 | Manvel_G · age_up imperial |
| 36:10 | chengyp8676 · first_building Castle |
| 36:33 | SicariusFeroxis · wall_segment Stone Wall x11 |
| 36:33 | chengyp8676 · age_up imperial |
| 36:55 | Polos-Dev · first_market_buy 100 stone |
| 36:56 | SicariusFeroxis · age_up imperial |
| 37:29 | SicariusFeroxis · wall_segment Stone Wall x1 |
| 37:31 | SicariusFeroxis · wall_segment Stone Wall x1 |
| 38:34 | Joe · wall_segment Stone Wall x6 |
| 39:11 | Felix · age_up imperial |
| 39:23 | Polos-Dev · age_up imperial |
| 41:19 | Joe · first_building Siege Workshop |
| 43:00 | SicariusFeroxis · tribute_sent a jugador 2 |
| 43:00 | SicariusFeroxis · tribute_sent a jugador 3 |
| 43:00 | SicariusFeroxis · tribute_sent a jugador 4 |
| 43:00 | SicariusFeroxis · tribute_sent a jugador 5 |
| 43:00 | SicariusFeroxis · tribute_sent a jugador 6 |
| 43:00 | SicariusFeroxis · tribute_sent a jugador 7 |
| 43:00 | SicariusFeroxis · tribute_sent a jugador 8 |
| 44:15 | Polos-Dev · first_building Siege Workshop |
| 44:35 | chengyp8676 · tribute_sent a jugador 1 |
| 44:35 | chengyp8676 · tribute_sent a jugador 2 |
| 44:35 | chengyp8676 · tribute_sent a jugador 3 |
| 44:35 | chengyp8676 · tribute_sent a jugador 5 |
| 44:35 | chengyp8676 · tribute_sent a jugador 6 |
| 44:35 | chengyp8676 · tribute_sent a jugador 7 |
| 44:35 | chengyp8676 · tribute_sent a jugador 8 |
| 45:38 | Joe · wall_segment Stone Wall x4 |
| 45:38 | Polos-Dev · first_market_sell 500 food |
| 46:21 | Muffie_cute · first_building Stable |
| 47:14 | Felix · first_building Monastery |
| 48:00 | Joe · tribute_sent a jugador 1 |
| 48:00 | Joe · tribute_sent a jugador 2 |
| 48:00 | Joe · tribute_sent a jugador 3 |
| 48:00 | Joe · tribute_sent a jugador 4 |
| 48:00 | Joe · tribute_sent a jugador 6 |
| 48:00 | Joe · tribute_sent a jugador 7 |
| 48:00 | Joe · tribute_sent a jugador 8 |
| 50:10 | Muffie_cute · wall_segment Palisade Wall x1 |
| 50:12 | Muffie_cute · wall_segment Palisade Wall x1 |
| 50:16 | Muffie_cute · wall_segment Palisade Wall x1 |
| 50:44 | Muffie_cute · wall_segment Stone Wall x5 |
| 51:07 | Muffie_cute · wall_segment Stone Wall x7 |
| 51:14 | Manvel_G · resign |
[ AI ANALYSIS · 1 CREDIT ]
What really happened in this match?
Wolo.gg analyzes every decision: build order, eco, micro, common mistakes by bracket. Personalized analysis on WhatsApp or Discord in 30 seconds.
Civ guide
Vietnamese
Perfil
Jugador #25364671